AoeStats
← mizacory

Black Forest

510436263Analyzed
2v2 RM · 2d ago on Oct 1, 2026· 50m 38s· 4 players
Game mode
Random Map
Map size
Medium (4 player)
Population
200
Speed
Normal
Resources
Standard
Victory
Conquest
Starting age
Dark Age
Ending age
Imperial Age
RankedLock teamsTeams togetherTeam positionsShared explorationLock speedFull tech treeHidden civsTurbo modeCheats
Victory
Defeat
🇲🇽 Lithuanians · Mexico
954
+15
🇺🇸 Bohemians · United States
933
+16
🇦🇷 Malay · Argentina
964
-16
🇪🇸 Saracens · Spain
914
-15
Your Mother
0:28 Loom
15:47 Feudal Age
17:23 Wheelbarrow
16:35 Double-Bit Axe
18:21 Town Watch
18:17 Horse Collar
24:36 Castle Age
23:16 Scale Mail Armor
23:26 Forging
25:38 Hand Cart
28:05 Fervor
28:09 Bow Saw
31:56 Heavy Plow
33:08 Fortified Wall
34:40 Fletching
38:58 Imperial Age
37:49 Chemistry
39:15 Man-at-Arms
41:28 Iron Casting
41:08 Chain Mail Armor
40:53 Padded Archer Armor
40:43 Fletching
40:54 Padded Archer Armor
40:59 Scale Barding Armor
41:32 Pikeman
41:36 Elite Skirmisher
43:25 Guilds
43:16 Caravan
44:19 Two-Man Saw
44:44 Siege Engineers
45:00 Sanctity
46:12 Town Patrol
45:35 Halberdier
46:21 Squires
46:14 Fletching
46:28 Padded Archer Armor
46:44 Chain Mail Armor
47:30 Blast Furnace
48:45 Conscription
48:31 Wagenburg Tactics
49:59 Houfnice
mizacory
1:08 Loom
16:03 Feudal Age
21:07 Castle Age
20:13 Double-Bit Axe
20:20 Stone Mining
22:13 Gold Mining
22:59 Stone Shaft Mining
22:37 Bow Saw
22:09 Horse Collar
34:48 Treadmill Crane
39:46 Imperial Age
38:32 Murder Holes
40:30 Capped Ram
40:38 Elite Skirmisher
41:23 Thumb Ring
43:02 Chemistry
43:09 Ballistics
42:17 Elite Leitis
43:20 Conscription
43:27 Tower Shields
45:10 Scale Barding Armor
45:16 Forging
50:23 Fortified Wall
50:03 Heated Shot
Ortegasmo 14
0:33 Loom
17:13 Feudal Age
17:50 Double-Bit Axe
20:08 Wheelbarrow
22:37 Castle Age
21:11 Fishing Lines
21:31 Gold Mining
31:00 Bow Saw
31:56 Stone Mining
32:08 Gillnets
33:51 Hand Cart
33:22 Town Watch
36:56 Imperial Age
35:16 Horse Collar
36:04 Forging
35:44 Fletching
35:59 Scale Barding Armor
35:55 Padded Archer Armor
37:47 Iron Casting
38:25 Conscription
37:39 Elite Mameluke
39:11 Onager
40:21 Ballistics
40:50 Husbandry
41:11 Bloodlines
42:10 Heavy Camel Rider
44:08 Chemistry
43:15 Bodkin Arrow
46:56 Siege Onager
48:30 Bimaristan
48:32 Counterweights
Gordo
0:34 Loom
17:34 Feudal Age
23:01 Castle Age
37:59 Forging
43:27 Wheelbarrow
42:37 Town Watch
42:44 Stone Mining
42:45 Gold Mining
42:43 Horse Collar
42:50 Double-Bit Axe
43:54 Iron Casting
49:51 Pikeman
50:31 Squires
50:18 Arson
Connection lost

Rejoining the realm…

Still unreachable

The connection could not be restored.

Session expired

The server has moved on; the page needs a fresh start.